 Dungeon Crawl Stone Soup version 0.30-a0-374-g95c0257040 (webtiles) character file.

Game seed: 1306917145145882681

594 qeuew the Trooper (level 7, 0/57 HPs)
             Began as a Formicid Fighter on Nov 27, 2022.
             Splashed by a jelly's acid (3 damage)
             ... on level 4 of the Dungeon.
             The game lasted 00:04:25 (2850 turns).

qeuew the Trooper (Formicid Fighter)                Turns: 2850, Time: 00:04:25

Health: 0/57       AC:  6    Str: 23    XL:     7   Next: 67%
Magic:  7/7        EV: 10    Int:  7    God:
Gold:   195        SH:  5    Dex: 13    Spells: 6/6 levels left

rFire   . . .      SeeInvis +    a - +0 war axe
rCold   . . .      Faith    .    c - +0 buckler
rNeg    . . .      Spirit   .    b - +0 scale mail
rPois   +          Reflect  .    (helmet unavailable)
rElec   .          Harm     .    h - +2 cloak
rCorr   .          Rampage  .    (no gloves)
Will    .....                    (no boots)
Stlth   ..........               (no amulet)
HPRegen 0.29/turn                f - ring of poison resistance
MPRegen 0.10/turn                (no ring)

@: corroded
A: permanent stasis, dig shafts and tunnels, antennae 3, four strong arms
a: Dig, Shaft Self


You were on level 4 of the Dungeon.
You visited 1 branch of the dungeon, and saw 4 of its levels.

You collected 195 gold pieces.

Inventory:

Hand Weapons
 a - a +0 war axe (weapon)
Missiles
 i - a throwing net
Armour
 b - a +0 scale mail (worn)
 c - a +0 buckler (worn)
 h - a +2 cloak (worn)
Jewellery
 f - a ring of poison resistance (left hand)
Scrolls
 e - 2 scrolls of butterflies {unknown}
 j - a scroll of teleportation {unknown}
Potions
 d - 2 potions of might
 g - a potion of brilliance


   Skills:
 * Level 5.6 Fighting
 + Level 3.3 Axes
 * Level 5.5 Armour
 + Level 2.2 Dodging
 + Level 5.5 Shields


You had 6 spell levels left.
You didn't know any spells.
Your spell library contained the following spells:

 Spells                   Type           Power      Damage    Failure   Level
 Gell's Gravitas          Tloc           0%         N/A       99%         3
 Lesser Beckoning         Tloc           0%         N/A       99%         3
 Teleport Other           Tloc           0%         N/A       99%         3
 Summon Lightning Spire   Summ/Air       0%         N/A       100%        4
 Storm Form               Tmut/Air       0%         N/A       100%        7
 Maxwell's Capacitive Co  Air            0%         ∞         100%        8


Dungeon Overview and Level Annotations

Branches:
Dungeon (4/15)
 Temple: D:4-7

Altars:
Hepliaklqana
Uskayaw
Vehumet


Innate Abilities, Weirdness & Mutations

You cannot be hasted, slowed, berserked, paralysed or teleported.
You can dig through walls and to a lower floor.
You have a pair of large antennae on your head. (SInv)
Your four strong arms can wield two-handed weapons with a shield.


Message History

You are too injured to fight recklessly!
You are too injured to fight recklessly!
You are too injured to fight recklessly!
You are too injured to fight recklessly!
You are too injured to fight recklessly!
You are too injured to fight recklessly!
You are too injured to fight recklessly!
Unknown command.
You closely miss the orc.
You hit the orc priest but do no damage.
You barely miss the orc. You block the orc priest's attack.
The orc hits you but does no damage. You block the orc's attack.
Unknown command.
You slash the orc!
You kill the orc!
You barely miss the orc. You closely miss the orc priest.
The orc priest hits you but does no damage.
You block the orc's attack. The jelly misses you.
The orc hits you but does no damage.
The orc priest hits you with a +0 hand axe.
You slash the jelly!
Your hands burn!
* * * LOW HITPOINT WARNING * * *
The jelly is heavily wounded.
You hit the orc priest but do no damage.
You hit the orc.
You kill the orc!
The orc priest barely misses you. The jelly barely misses you.
You slash the jelly! The acid corrodes you!
Your hands burn!
* * * LOW HITPOINT WARNING * * *
The jelly is almost dead.
You slash the orc priest! The orc priest closely misses you.
The jelly hits you.
* * * LOW HITPOINT WARNING * * *
You are splashed with acid!
* * * LOW HITPOINT WARNING * * *
Unknown command.
Okay, then.
Okay, then.
You hit the jelly but do no damage.
Your hands burn!
You die...

.#... ... ....# #.. ....
.. .. ...##.. ...# #...#.
###...# . #.... .......
...###oJ# ........
#.....)@###......#
.................#
.....##..))......###
.##.......).........
...#............... ..
.#......†)....... .
..................
.........................
.......................##.


You could see a jelly and an orc priest.

Vanquished Creatures
  Grinder (D:4)
  Sigmund (D:3)
  3 orc priests
  Crazy Yiuf (D:2)
  An orc wizard (D:3)
  Robin (D:4)
  2 adders
  12 orcs
  3 bats
  2 endoplasms (D:1)
  3 giant cockroaches
  16 goblins
  8 hobgoblins
  2 quokkas
  9 ball pythons
  2 frilled lizards (D:2)
  6 kobolds
  5 rats
78 creatures vanquished.

Vanquished Creatures (others)
  A dart slug (D:3)
  3 orcs (D:3)
  A hobgoblin (D:3)
5 creatures vanquished.

Grand Total: 83 creatures vanquished

Notes
Turn   | Place    | Note
-------+----------+-------------------------------------------
     0 | D:1      | qeuew the Formicid Fighter began the quest for the Orb.
     0 | D:1      | Reached XP level 1. HP: 18/18 MP: 1/1
   177 | D:1      | Reached XP level 2. HP: 24/24 MP: 2/2
   748 | D:2      | Reached XP level 3. HP: 24/30 MP: 3/3
   955 | D:2      | Found a runed translucent door.
   956 | D:2      | Noticed Crazy Yiuf
   962 | D:2      | Killed Crazy Yiuf
   963 | D:2      | Reached XP level 4. HP: 16/37 MP: 4/4
  1092 | D:2      | Reached skill level 1 in Dodging
  1238 | D:2      | Identified the +1 helmet of Death Resistance {rPois Regen+
                  | Dex-5}
  1738 | D:3      | Found a radiant altar of Vehumet.
  1778 | D:3      | Noticed Sigmund
  1788 | D:3      | Killed Sigmund
  1789 | D:3      | Reached skill level 5 in Shields
  1789 | D:3      | Reached XP level 5. HP: 5/43 MP: 5/5
  1789 | D:3      | Reached XP level 6. HP: 6/50 MP: 6/6
  2275 | D:3      | Reached skill level 5 in Fighting
  2292 | D:3      | Reached skill level 5 in Armour
  2529 | D:3      | Found a hazy altar of Hepliaklqana.
  2538 | D:3      | Found a hide-covered altar of Uskayaw.
  2609 | D:4      | Noticed Robin
  2669 | D:4      | Killed Robin
  2803 | D:4      | Noticed Grinder
  2825 | D:4      | Reached XP level 7. HP: 38/56 MP: 7/7
  2831 | D:4      | Killed Grinder
  2850 | D:4      | Splashed by a jelly's acid

Illustrated notes

Levels and vault maps discovered:
D:1:      minmay_arrival_radiant_lines, layout_basic
D:2:      layout_loops_ring, nicolae_hexahallways, dreamdust_princess_corridor,
          uniq_crazy_yiuf_cottage
D:3:      layout_loops_ring, fiery_altar_vehumet, mainiacjoe_overflow_swirl,
          uniq_sigmund
D:4:      layout_cave_pools, uniq_eustachio, uniq_duvessa, uniq_grinder,
          uniq_pikel, uniq_robin

Skill      XL: |  1  2  3  4  5  6  7 |
---------------+----------------------+-----
Fighting       | 4 5 |  5.6
Armour         | 4 5 |  5.5
Dodging        | 1 2 |  2.2
Shields        | 5 |  5.5
Axes           | 3 |  3.3

Action                   |  1- 3 |  4- 6 |  7- 9 || total
-------------------------+-------+-------+-------++-------
Melee: War axe           |    54 |   127 |    18 ||   199
  Use: Potion            |     3 |     4 |       ||     7
       Scroll            |     1 |     3 |       ||     4
Armor: Scale mail        |    14 |    78 |     9 ||   101
Dodge: Dodged            |    25 |    88 |     9 ||   122
Block: Buckler           |    16 |    46 |     8 ||    70

Table legend: (Time is in decaauts)
 A = Elapsed time spent in this place.
 B = Non-inter-level travel time spent in this place.
 C = Inter-level travel time spent in this place.
 D = Time resting spent in this place.
 E = Time spent auto-exploring this place.
 F = Levels seen in this place.
 G = Mean time per level.
                   A        B        C        D        E       F      G
               +--------+--------+--------+--------+--------+-----+--------+
         Total |   2928 |   2834 |     94 |      0 |   2296 |   4 |  732.0 |
       Dungeon |   2928 |   2834 |     94 |      0 |   2296 |   4 |  732.0 |
               +--------+--------+--------+--------+--------+-----+--------+

Top non-repeatable levels by time:
     D:3: 983 daAuts
     D:2: 974 daAuts
     D:1: 727 daAuts
     D:4: 243 daAuts
